 Dungeon Crawl Stone Soup version 0.29.1-12-g30fa7ad0bf (webtiles) character file.

Game seed: 5492190437194498298

1302 Linkola the Conjurer (level 8, -4/42 HPs)
             Began as a Deep Elf Conjurer on Jan 8, 2023.
             Was a Follower of Vehumet.
             Killed from afar by a white imp (9 damage)
             ... with a puff of frost
             ... on level 6 of the Dungeon.
             The game lasted 00:20:40 (5491 turns).

Linkola the Conjurer (Deep Elf Conjurer)            Turns: 5491, Time: 00:20:41

Health: -4/42      AC:  3    Str:  4    XL:     8   Next: 31%
Magic:  2/19       EV: 12    Int: 26    God:    Vehumet [*.....]
Gold:   233        SH:  0    Dex: 13    Spells: 7/20 levels left

rFire   . . .      SeeInvis .   h - +7 Throatcutter {drain, coup de grace}
rCold   . . .      Faith    .   (no shield)
rNeg    + . .      Spirit   .   a - +0 robe
rPois   .          Reflect  .   (no helmet)
rElec   .          Harm     .   (no cloak)
rCorr   .          Rampage  .   o - +0 pair of gloves
Will    .....                   (no boots)
Stlth   +++.......              (no amulet)
HPRegen 0.14/turn               k - ring of positive energy
MPRegen 0.16/turn               (no ring)

@: no status effects
A: no striking features
a: Renounce Religion


You were on level 6 of the Dungeon.
You worshipped Vehumet.
Vehumet was aware of your devotion.
You visited 2 branches of the dungeon, and saw 7 of its levels.

You collected 233 gold pieces.

Inventory:

Hand Weapons
 h - the +7 Throatcutter (weapon) {drain, coup de grace}
   (You took it off Terence on level 2 of the Dungeon)

   A truly terrible weapon, it drains the life of any living foe it strikes.
   It may instantly kill foes which have little health.
Armour
 a - a +0 robe (worn)
 o - a +0 pair of gloves (worn)
Jewellery
 k - a ring of positive energy (left hand)
Wands
 n - a wand of flame (12)
Scrolls
 g - 2 scrolls of summoning
 j - 2 scrolls of amnesia
Potions
 b - a potion of magic
 c - 2 potions of flight
 d - a potion of cancellation
 e - a potion of heal wounds {unknown}
 f - 5 potions of curing
 i - 2 potions of might {unknown}
 l - a potion of mutation {unknown}
 m - 4 potions of attraction {unknown}
 p - a potion of brilliance {unknown}


   Skills:
 + Level 0.3 Fighting
 + Level 3.0 Dodging
 + Level 4.2 Stealth
 + Level 6.5 Spellcasting
 + Level 7.8 Conjurations
 * Level 6.2 Hexes
 * Level 3.6 Summonings


You had 7 spell levels left.
You knew the following spells:

 Your Spells              Type           Power      Damage    Failure   Level
a - Magic Dart            Conj           100%       1d8       1%          1
b - Searing Ray           Conj           98%        2d8       1%          2
c - Dazzling Flash        Conj/Hex       90%        N/A       1%          3
d - Fulminant Prism       Conj/Hex       22%        3d13      3%          4
e - Call Canine Familiar  Summ           27%        N/A       4%          3

Your spell library contained the following spells:

 Spells                   Type           Power      Damage    Failure   Level
 Foxfire                  Conj/Fire      100%       2x1d9     1%          1
 Summon Small Mammal      Summ           100%       N/A       1%          1
 Summon Guardian Golem    Hex/Summ       34%        N/A       2%          3
 Iskenderun's Mystic Bla  Conj/Tloc      28%        2d7       13%         4
 Gell's Gravitas          Tloc           8%         N/A       21%         3
 Lesser Beckoning         Tloc           8%         N/A       21%         3
 Teleport Other           Tloc           8%         N/A       21%         3


Dungeon Overview and Level Annotations

Branches:
Dungeon (6/15)             Temple (1/1) D:4

Altars:
Cheibriados
Dithmenos
Elyvilon
Fedhas
Gozag
Kikubaaqudgha
Makhleb
Nemelex Xobeh
Okawaru
Qazlal
Sif Muna
Trog
Vehumet
Wu Jian
Xom
Yredelemnul
Zin
The Shining One

Shops:
D:6 !


Message History

The ice beast freezes you! The ice beast attacks as you move away!
The ice beast closely misses you.
The gnoll bouda gazes fiercely through you!
You feel your attacks grow feeble. The ice beast attacks as you move away!
The ice beast hits you. The ice beast freezes you!
* * * LOW HITPOINT WARNING * * *
The ice beast attacks as you move away!
The ice beast hits you but does no damage.
The gnoll bouda gazes fiercely through you!
You feel as though you will be weak longer.
There is a shadowy altar of Dithmenos here.
The gnoll bouda gazes fiercely through you!
You feel as though you will be weak longer.
The ice beast attacks as you move away! The ice beast barely misses you.
Found a leather armour.
The ice beast attacks as you move away! The ice beast hits you.
* * * LOW HITPOINT WARNING * * *
The ice beast freezes you!
* * * LOW HITPOINT WARNING * * *
The ice beast attacks as you move away!
The ice beast hits you but does no damage.
The ice beast attacks as you move away! The ice beast barely misses you.
Casting: Searing Ray (safe; 1% risk of failure)
Confirm with . or Enter, or press ? or * to list all spells.
Casting: Dazzling Flash (safe; 1% risk of failure)
Press: ? - help, Dir - look around, f - activate The ice beast is dazzled.
The ice beast misses you.
A gnoll, a white imp and an adder come into view.
The gnoll shouts!
A gnoll comes into view. It is wielding a +0 club.
Your attacks no longer feel as feeble.
The gnoll shouts!
You hear a bark!
The white imp shouts!
The gnoll bouda barks out a call to the hunt!
The gnolls pick up the pace!
The ice beast is no longer blind.
The white imp gestures at you. The puff of frost hits you!
You die...

..
##...##.....#.......#....##
..
##.##......#.......#.....##
[....#..#g....._..........#
.....###.#..#.......#......#
............#.......#.....##
..##......##.....##......#
#.......####.####......#
.......SY..........##..###
.....g.g..@....##..#.....##
................#..........
...............###.........
#...............####.......
#..5#.............##......
##..####..........#.......
#. ....................
....#................
#.................###


You could see an ice beast, 2 gnolls, an adder and a white imp.

Vanquished Creatures
  Sigmund (D:4)
  A water moccasin (D:5)
  An ogre (D:4)
  A gnoll sergeant (D:6)
  A scorpion (D:6)
  A necrophage (D:5)
  A howler monkey (D:4)
  3 hounds
  4 jellies
  An orc priest (D:5)
  Terence (D:2)
  Natasha (thrice) (D:2)
  3 orc wizards (D:5)
  A scorpion zombie (D:4)
  A howler monkey zombie (D:4)
  12 gnolls
  5 adders
  2 adder zombies (D:4)
  2 worms
  3 dart slugs
  20 orcs
  11 endoplasms
  2 giant cockroaches
  5 hobgoblins
  7 jackals (D:3)
  4 quokkas
  5 ball pythons
  3 bats
  2 frilled lizards
  3 goblins
  7 kobolds
  3 rats
  A fulminant prism (D:4)
121 creatures vanquished.

Vanquished Creatures (others)
  8 fulminant prisms
8 creatures vanquished.

Grand Total: 129 creatures vanquished

Notes
Turn   | Place    | Note
-------+----------+-------------------------------------------
     0 | D:1      | Linkola the Deep Elf Conjurer began the quest for the Orb.
     0 | D:1      | Reached XP level 1. HP: 10/10 MP: 6/6
   305 | D:1      | Reached skill level 1 in Hexes
   306 | D:1      | Reached XP level 2. HP: 15/15 MP: 4/8
   309 | D:1      | Learned a level 2 spell: Searing Ray
   347 | D:1      | You fall into a shaft and drop 1 floor!
   515 | D:2      | Noticed Terence
   523 | D:2      | Killed Terence
   524 | D:2      | Reached skill level 5 in Conjurations
   524 | D:2      | Reached XP level 3. HP: 3/19 MP: 0/9
   903 | D:2      | Found a faded altar of an unknown god.
  1163 | D:2      | Noticed Natasha
  1172 | D:2      | Killed Natasha
  1173 | D:2      | Reached XP level 4. HP: 24/24 MP: 6/11
  1301 | D:2      | Learned a level 3 spell: Dazzling Flash
  1493 | D:2      | Noticed Natasha
  1499 | D:2      | Killed Natasha
  1503 | D:2      | Noticed Natasha
  1509 | D:2      | Killed Natasha
  1576 | D:2      | You fall into a shaft and drop 1 floor!
  1648 | D:3      | Reached XP level 5. HP: 28/28 MP: 8/12
  1653 | D:3      | Learned a level 4 spell: Fulminant Prism
  1988 | D:3      | Reached skill level 6 in Conjurations
  2721 | D:4      | Found a basalt altar of Yredelemnul.
  2875 | D:4      | Found a staircase to the Ecumenical Temple.
  2887 | D:4      | Reached skill level 1 in Summonings
  2891 | Temple   | Entered the Ecumenical Temple
  3065 | Temple   | Became a worshipper of Vehumet
  3098 | D:4      | Reached XP level 6. HP: 32/32 MP: 8/14
  3102 | D:4      | Learned a level 3 spell: Call Canine Familiar
  3197 | D:4      | Noticed Sigmund
  3209 | D:4      | Killed Sigmund
  3322 | D:4      | Reached XP level 7. HP: 36/36 MP: 6/16
  3478 | D:4      | Found a sparkling altar of Nemelex Xobeh.
  3496 | D:4      | Reached skill level 5 in Spellcasting
  3993 | D:5      | Entered Level 5 of the Dungeon
  4000 | D:5      | Reached skill level 7 in Conjurations
  4275 | D:5      | Reached * piety under Vehumet
  4275 | D:5      | Offered knowledge of Foxfire by Vehumet.
  4467 | D:5      | Found a white marble altar of Elyvilon.
  4495 | D:5      | Found a blossoming altar of Fedhas.
  4644 | D:5      | Reached skill level 5 in Hexes
  4644 | D:5      | Reached XP level 8. HP: 42/42 MP: 8/19
  5264 | D:6      | Found a burning altar of Makhleb.
  5298 | D:6      | Found a shadowy altar of Dithmenos.
  5331 | D:6      | Found Xyzip's Distillery.
  5491 | D:6      | Killed from afar by a white imp

Illustrated notes

Levels and vault maps discovered:
D:1:      psy_arrival_statuary, layout_loops_cross, minmay_domino_4
D:2:      layout_basic, ebering_ecumenical_altar_webs, uniq_natasha,
          uniq_terence
D:3:      layout_loops_ring, minmay_statues_item
D:4:      layout_cave_pools, nicolae_yredelemnul_corpse_copse,
          mainiacjoe_overflow_small_starburst, minmay_temple_entry_stoned_glass,
          uniq_sigmund
D:5:      layout_basic, mainiacjoe_overflow_swirl
D:6:      layout_cave_pools, lemuel_round_altar, old_standard_altar,
          serial_gnoll_camp, gnoll_camp_medium_02, gnoll_camp_huts_basic,
          gnoll_camp_mini_hut, gnoll_camp_mini_shop, nrook_campfire,
          nicolae_figureground_pulse
Temple:   nicolae_temple_godzebo

Skill      XL: |  1  2  3  4  5  6  7  8 |
---------------+-------------------------+-----
Hexes          | 1 2 3 4 5 6 |  6.2
Conjurations   | 5 6 7 |  7.8
Stealth        | 3 4 |  4.2
Summonings     | 1 2 3 |  3.6
Spellcasting   | 4 6 |  6.5
Dodging        | 3 |  3.0
Fighting       | |  0.3

Action                   |  1- 3 |  4- 6 |  7- 9 || total
-------------------------+-------+-------+-------++-------
 Cast: Magic Dart        |    29 |    51 |    52 ||   132
       Searing Ray       |     8 |    18 |    23 ||    49
       Fulminant Prism   |       |     4 |     6 ||    10
       Dazzling Flash    |       |     1 |     1 ||     2
  Use: Scroll            |     5 |     1 |     4 ||    10
Armor: Robe              |     1 |     1 |     5 ||     7
Dodge: Dodged            |     6 |    16 |    14 ||    36
